 Dungeon Sprint DCSS version 0.28-a0-79-g444c7a33f5 (webtiles) character file.

Game seed: 1772630991208645910

347 Zeldest the Martial Artist (level 6, -10/48 HPs)
             Began as a Demonspawn Transmuter on Aug 2, 2021.
             Was an Initiate of Cheibriados.
             Mangled by a two-headed ogre (15 damage)
             ... in the Dungeon (Sprint IX: "|||||||||||||||||||||||||||||").
             The game lasted 00:01:06 (101 turns).

Zeldest the Martial Artist (Demonspawn Transmuter)   Turns: 101, Time: 00:01:07

Health: -10/48     AC: 13    Str: 13    XL:     6   Next: 32%
Magic:  9/9        EV:  7    Int: 18    God:    Cheibriados [......]
Gold:   0          SH:  0    Dex: 15    Spells: 8/9 levels left

rFire   . . .      SeeInvis .     - Unarmed
rCold   . . .      Faith    .   (no shield)
rNeg    . . .      Spirit   .   j - +1 chain mail
rPois   .          Reflect  .   (no helmet)
rElec   .          Harm     .   (no cloak)
rCorr   .          Rampage  .   (no gloves)
Will    .....      NoTele   +   i - +0 pair of boots
Stlth   ..........              (no amulet)
HPRegen 0.16/turn               k - +3 ring of intelligence
MPRegen 0.11/turn               l - +2 ring of protection

@: very slow
A: ignite blood 1, spiny 1
a: Renounce Religion, Bend Time


You were in the Dungeon.
You worshipped Cheibriados.
Cheibriados was noncommittal.
You visited 1 branch

Inventory:

Armour
 a - a +0 robe
 i - a +0 pair of boots (worn)
 j - a +1 chain mail (worn)
Jewellery
 k - a +3 ring of intelligence (left hand)
 l - a +2 ring of protection (right hand)
Wands
 h - a wand of acid (6)
Scrolls
 f - 2 scrolls of amnesia
 g - 2 scrolls of blinking
Potions
 b - 5 potions of curing
 c - 2 potions of heal wounds
 d - a potion of invisibility
 e - 4 potions of magic


   Skills:
 + Level 3.8 Fighting
 + Level 3.2 Armour
 + Level 3.9 Dodging
 + Level 9.8 Unarmed Combat
 - Level 2.0 Spellcasting
 + Level 3.8 Transmutations
 + Level 5.3 Invocations


You had 8 spell levels left.
You knew the following spells:

 Your Spells              Type           Power      Damage    Failure   Level
a - Beastly Appendage     Tmut           30%        N/A       73%         1

Your spell library contained the following spells:

 Spells                   Type           Power      Damage    Failure   Level
 Wereblood                Tmut           15%        N/A       86%         2
 Spider Form              Tmut/Pois      4%         N/A       100%        3
 Ice Form                 Ice/Tmut       8%         N/A       100%        4


Dungeon Overview and Level Annotations

Branches:
Dungeon (1/1)

Altars:
Cheibriados
Dithmenos
Elyvilon
Fedhas
Gozag
Hepliaklqana
Kikubaaqudgha
Makhleb
Nemelex Xobeh
Okawaru
Qazlal
Ru
Sif Muna
Trog
Uskayaw
Vehumet
Wu Jian
Xom
Yredelemnul
Zin
The Shining One
Beogh
Jiyva
Lugonu


Innate Abilities, Weirdness & Mutations

Your demonic aura sometimes causes spilled blood to erupt in flames.
You are partially covered in sharp spines.


Message History

Your Invocations skill gained 2 levels and is now at level 2!
You have reached level 5!
Your demonic ancestry asserts itself...
Sharp spines emerge from parts of your body.
Aiming: Corrosive Bolt
Press: ? - help, Shift-Dir - straight line, f/p - troll
Aim: a troll (moderately wounded, covered in acid, 71% to hit)
The bolt of acid hits the troll!
The troll is splashed with acid.
The troll seems to be corroded for longer.
The troll is almost dead.
The bolt of acid misses the two-headed ogre.
The bolt of acid misses the orc warrior.
The troll is struck by your spines.
You kill the troll!
Cheibriados appreciates the change of pace.
The troll leather armour is intact enough to wear.
Your Fighting skill gained 2 levels and is now at level 3!
Your Armour skill gained 2 levels and is now at level 3!
Your Dodging skill increases to level 3!
Your Transmutations skill increases to level 3!
Your Invocations skill gained 3 levels and is now at level 5!
You have reached level 6!
Your experience leads to an increase in your attributes!
Your base attributes are Str 11, Int 14, Dex 14.
Increase (S)trength, (I)ntelligence, or (D)exterity?
You feel stronger.
Aiming: Corrosive Bolt
Press: ? - help, Shift-Dir - straight line, f - two-headed ogre
Aim: a two-headed ogre, wielding two +0 giant clubs (heavily wounded, covered in acid, 86% to hit)
The bolt of acid hits the two-headed ogre!
The two-headed ogre is splashed with acid!
The two-headed ogre seems to be corroded for longer.
The two-headed ogre is almost dead.
The bolt of acid misses the orc warrior.
The bolt of acid hits the troll!
The troll is splashed with acid.
The troll is heavily wounded.
The two-headed ogre hits you with a +0 giant club!
* * * LOW HITPOINT WARNING * * *
The two-headed ogre hits you with a +0 giant club!
You die... ▓▓▓▓▓▓▓▓▓▓▓▓▓▓▓▓▓▓▓▓▓▓▓▓ .y.To.O@...[.)..'_______ ▓▓▓▓▓▓▓▓▓▓▓▓▓▓▓▓▓▓▓▓▓▓▓▓

You could see a two-headed ogre (corroded), a troll, an orc warrior and a killer bee.

Vanquished Creatures
  A troll (D)
  A centaur (D)
  A howler monkey (D)
  An iguana (D)
  An orc (D)
  A ball python (D)
  A giant cockroach (D)
  2 quokkas (D)
  A frilled lizard (D)
  A goblin (D)
  A rat (D)
12 creatures vanquished.

Notes
Turn   | Place    | Note
-------+----------+-------------------------------------------
     0 | D        | Zeldest the Demonspawn Transmuter began the quest for the
                  | Orb.
     0 | D        | Reached XP level 1. HP: 15/15 MP: 3/3
     6 | D        | Reached skill level 3 in Unarmed Combat
    13 | D        | Reached skill level 4 in Unarmed Combat
    21 | D        | Noticed a centaur
    21 | D        | Noticed an iguana
    23 | D        | Killed an iguana
    24 | D        | Reached skill level 6 in Unarmed Combat
    24 | D        | Gained mutation: Your demonic aura sometimes causes spilled
                  | blood to erupt in flames. [demonic ancestry]
    24 | D        | Reached XP level 2. HP: 21/21 MP: 3/5
    24 | D        | Reached XP level 3. HP: 26/26 MP: 3/6
    30 | D        | Killed a centaur
    31 | D        | Reached skill level 9 in Unarmed Combat
    31 | D        | Reached XP level 4. HP: 8/32 MP: 3/7
    36 | D        | Found a snail-covered altar of Cheibriados.
    36 | D        | Found a shadowy altar of Dithmenos.
    36 | D        | Found a blossoming altar of Fedhas.
    36 | D        | Found an opulent altar of Gozag.
    37 | D        | Found a hazy altar of Hepliaklqana.
    38 | D        | Found a viscous altar of Jiyva.
    39 | D        | Found an ancient bone altar of Kikubaaqudgha.
    40 | D        | Became a worshipper of Cheibriados the Contemplative
    41 | D        | Found a corrupted altar of Lugonu.
    42 | D        | Found a burning altar of Makhleb.
    43 | D        | Found a sparkling altar of Nemelex Xobeh.
    44 | D        | Found an iron altar of Okawaru.
    45 | D        | Found a stormy altar of Qazlal.
    46 | D        | Found a sacrificial altar of Ru.
    47 | D        | Found a shimmering blue altar of Sif Muna.
    48 | D        | Found a bloodstained altar of Trog.
    49 | D        | Found a hide-covered altar of Uskayaw.
    50 | D        | Found a radiant altar of Vehumet.
    51 | D        | Found an ornate altar of the Wu Jian Council.
    52 | D        | Found a shimmering altar of Xom.
    53 | D        | Found a basalt altar of Yredelemnul.
    97 | D        | Noticed a troll
    97 | D        | Noticed an orc warrior
    97 | D        | Noticed a two-headed ogre
    97 | D        | Noticed a troll
   100 | D        | Reached skill level 1 in Armour
   100 | D        | Gained mutation: You are partially covered in sharp spines.
                  | [demonic ancestry]
   100 | D        | Reached XP level 5. HP: 14/38 MP: 8/8
   100 | D        | Killed a troll
   101 | D        | Reached skill level 5 in Invocations
   101 | D        | Reached XP level 6. HP: 17/48 MP: 9/9
   101 | D        | Mangled by a two-headed ogre

Illustrated notes

Levels and vault maps discovered:
D:        linesprint [early_d, line_temple, items_1, d_10, items_2, lair_1,
          lair_end, items_3, orc_1, orc_end, items_4, d_15, swamp_1, shoals_1,
          snake_1, spider_1, d_20, vaults_1, items_5, swamp_end, shoals_end,
          snake_end, spider_end, vaults_end, d_27, items_6, zot_1, zot_end,
          crypt_end, forest_end, elf_end, slime_end, tomb_end, abyss_end,
          pan_hell_end]

Skill      XL: |  1  2  3  4  5 |
---------------+----------------+-----
Unarmed Combat | 6 9 |  9.8
Armour         | 1 3 |  3.2
Dodging        | 2 3 |  3.9
Transmutations | 2 3 |  3.8
Invocations    | 2 5 |  5.3
Fighting       | 3 |  3.8
Spellcasting   | |  2.0

Action                   |  1- 3 |  4- 6 || total
-------------------------+-------+-------++-------
Melee: Unarmed           |    13 |     1 ||    14
       Kick              |     4 |       ||     4
       Headbutt          |     1 |       ||     1
       Punch             |     1 |       ||     1
 Cast: Beastly Appendage |     2 |       ||     2
Evoke: Wand              |       |     4 ||     4
  Use: Potion            |     2 |     1 ||     3
Armor: Robe              |     2 |       ||     2
       Chain mail        |       |     2 ||     2
Dodge: Dodged            |     5 |     1 ||     6

Table legend: (Time is in decaauts)
 A = Elapsed time spent in this place.
 B = Non-inter-level travel time spent in this place.
 C = Inter-level travel time spent in this place.
 D = Time resting spent in this place.
 E = Time spent auto-exploring this place.
 F = Levels seen in this place.
 G = Mean time per level.
                   A        B        C        D        E       F      G
               +--------+--------+--------+--------+--------+-----+--------+
         Total |    101 |    101 |      0 |      0 |      0 |   1 |  101.0 |
       Dungeon |    101 |    101 |      0 |      0 |      0 |   1 |  101.0 |
               +--------+--------+--------+--------+--------+-----+--------+

Top non-repeatable levels by time:
       D: 101 daAuts
